[ PARTIDA AOE2 · #483680002 ]
UnrankedMongoles vs Spanish
[ ANÁLISIS DE REPETICIÓN · EXTRAÍDO DE LA PARTIDA GRABADA ]
Feudal
10:56
Castillos
20:03
Imperial
31:47
| APM promedio | 48.2 |
| APM pico | 106 |
| eAPM promedio | 26.5 |
| Aldeanos / militares | 111 / 200 |
Foco
⚔️ 32.4% · 🌾 67.6%
Mangudai ×112 · Fishing Ship ×55 · Scout Cavalry ×45 · Mangonel ×27 · Battering Ram ×16
Feudal
13:19
Castillos
18:49
Imperial
35:15
| APM promedio | 27.5 |
| APM pico | 52 |
| eAPM promedio | 19.3 |
| Aldeanos / militares | 95 / 106 |
Foco
⚔️ 32.7% · 🌾 67.3%
Knight ×79 · Fishing Ship ×15 · Trade Cart ×14 · Spearman ×10 · Conquistador ×8 · Cannon Galleon ×4
Feudal
10:09
Castillos
17:33
Imperial
34:38
| APM promedio | 14.3 |
| APM pico | 34 |
| eAPM promedio | 12.9 |
| Aldeanos / militares | 160 / 197 |
Foco
⚔️ 33.5% · 🌾 66.5%
Spearman ×101 · Knight ×44 · War Elephant ×25 · Scorpion ×21 · Trebuchet (Packed) ×5 · Monk ×1
Feudal
13:26
Castillos
22:34
Imperial
39:30
| APM promedio | 26.3 |
| APM pico | 56 |
| eAPM promedio | 17.1 |
| Aldeanos / militares | 81 / 87 |
Foco
⚔️ 33.3% · 🌾 66.7%
Unknown (1908) ×75 · Monk ×46 · Steppe Lancer ×41 · Trade Cart ×12
Feudal
11:04
Castillos
14:47
Imperial
33:14
| APM promedio | 35.8 |
| APM pico | 80 |
| eAPM promedio | 24.2 |
| Aldeanos / militares | 168 / 196 |
Foco
⚔️ 32.6% · 🌾 67.4%
Knight ×129 · Hand Cannoneer ×47 · War Elephant ×16 · Trebuchet (Packed) ×4
Feudal
12:52
Castillos
21:29
Imperial
37:50
| APM promedio | 15.7 |
| APM pico | 40 |
| eAPM promedio | 12.4 |
| Aldeanos / militares | 123 / 231 |
Foco
⚔️ 28.3% · 🌾 71.7%
Spearman ×145 · Skirmisher ×39 · Woad Raider ×30 · Fishing Ship ×25 · Mangonel ×9 · Battering Ram ×8
Feudal
11:21
Castillos
15:16
Imperial
30:15
| APM promedio | 45.6 |
| APM pico | 107 |
| eAPM promedio | 26.4 |
| Aldeanos / militares | 165 / 435 |
Foco
⚔️ 41.9% · 🌾 58.1%
Skirmisher ×240 · Leitis ×185 · Trade Cart ×30 · Bombard Cannon ×8 · Monk ×1 · Scorpion ×1
Feudal
—
Castillos
—
Imperial
—
| APM promedio | 24.2 |
| APM pico | 90 |
| eAPM promedio | 15.9 |
| Aldeanos / militares | 84 / 98 |
Foco
⚔️ 29.1% · 🌾 70.9%
Janissary ×33 · Hand Cannoneer ×30 · Scout Cavalry ×24 · Bombard Cannon ×10 · Cavalry Archer ×1
Mapa de la partida
Recursos iniciales + cada clic de construcción. Líneas = muros · curvas = relieve. ◆ oro · ⬟ piedra · ● bayas · ✦ reliquia · ◌ hueco del cierre
Tu base· ✓ Cerrada en 20:03 · 0t muro · sin puerta
Base de Sick My Duck· ✓ Cerrada en 18:49 · 70t muro · 1 puerta(s)
Base de reska· ✓ Cerrada en 17:33 · 13t muro · 1 puerta(s)
Base de andre300000000· ✓ Cerrada en 22:34 · 20t muro · sin puerta
Base de Jhos nomad· ✓ Cerrada en 14:47 · 0t muro · sin puerta
Base de Icenain· ✓ Cerrada en 21:29 · 4t muro · sin puerta
Base de WhY.So.SeRiOuS· ✓ Cerrada en 15:16 · 0t muro · sin puerta
Base de Tetsu0 L10n· ✓ Cerrada en 21:34 · 64t muro · sin puerta
Terreno inicial suavizado · ◌ = hueco del cierre detectado · pasá el cursor para detalles
Inputs por minuto
— ulvn - - Sick My Duck
Build order — ulvn
Primeras 150 de 519 acciones detectadas
| 0:01 | Crear | Villager (Male) |
| 0:01 | Crear | Villager (Male) |
| 0:01 | Crear | Villager (Male) |
| 0:02 | Construir | House |
| 0:03 | Construir | House |
| 0:09 | Crear | Villager (Male) |
| 0:09 | Crear | Villager (Male) |
| 1:30 | Crear | Villager (Male) |
| 1:30 | Crear | Villager (Male) |
| 1:50 | Construir | Lumber Camp |
| 1:54 | Crear | Villager (Male) |
| 1:55 | Crear | Villager (Male) |
| 2:27 | Crear | Villager (Male) |
| 2:27 | Crear | Villager (Male) |
| 2:27 | Crear | Villager (Male) |
| 3:10 | Crear | Villager (Male) |
| 3:10 | Crear | Villager (Male) |
| 3:10 | Crear | Villager (Male) |
| 3:10 | Crear | Villager (Male) |
| 3:44 | Crear | Villager (Male) |
| 3:44 | Crear | Villager (Male) |
| 4:29 | Construir | House |
| 4:31 | Investigar | Loom |
| 4:32 | Crear | Villager (Male) |
| 4:32 | Crear | Villager (Male) |
| 5:16 | Construir | Dock |
| 5:18 | Crear | Villager (Male) |
| 5:18 | Crear | Villager (Male) |
| 5:18 | Crear | Villager (Male) |
| 5:18 | Crear | Villager (Male) |
| 5:19 | Crear | Villager (Male) |
| 5:48 | Construir | House |
| 6:04 | Crear | Fishing Ship |
| 6:22 | Crear | Villager (Male) |
| 6:24 | Construir | House |
| 6:53 | Crear | Fishing Ship |
| 6:58 | Construir | House |
| 7:49 | Construir | Mill |
| 7:54 | Crear | Villager (Male) |
| 7:54 | Crear | Villager (Male) |
| 8:10 | Investigar | Feudal Age |
| 8:23 | Construir | Mining Camp |
| 9:09 | Crear | Fishing Ship |
| 9:43 | Crear | Fishing Ship |
| 10:19 | Crear | Villager (Male) |
| 10:19 | Crear | Villager (Male) |
| 10:28 | Crear | Fishing Ship |
| 10:55 | Construir | Dock |
| 10:56 | Edad | Edad Feudal |
| 10:58 | Crear | Fishing Ship |
| 10:59 | Crear | Villager (Male) |
| 11:06 | Construir | House |
| 11:07 | Construir | House |
| 11:07 | Construir | House |
| 11:14 | Investigar | Double-Bit Axe |
| 11:41 | Construir | Lumber Camp |
| 11:49 | Crear | Villager (Male) |
| 11:55 | Construir | Fish Trap |
| 12:03 | Crear | Fishing Ship |
| 12:03 | Crear | Fishing Ship |
| 12:11 | Construir | House |
| 12:12 | Construir | House |
| 12:14 | Construir | House |
| 12:18 | Crear | Villager (Male) |
| 12:31 | Crear | Fishing Ship |
| 12:51 | Construir | Fish Trap |
| 13:00 | Crear | Villager (Male) |
| 13:02 | Crear | Fishing Ship |
| 13:08 | Construir | Fish Trap |
| 13:17 | Crear | Villager (Male) |
| 13:23 | Construir | Fish Trap |
| 13:27 | Construir | Fish Trap |
| 13:36 | Crear | Villager (Male) |
| 13:42 | Construir | House |
| 13:43 | Construir | House |
| 13:49 | Crear | Fishing Ship |
| 13:49 | Crear | Fishing Ship |
| 13:51 | Crear | Fishing Ship |
| 13:51 | Crear | Fishing Ship |
| 14:05 | Construir | Fish Trap |
| 14:12 | Crear | Villager (Male) |
| 14:17 | Investigar | Tech 906 |
| 14:23 | Crear | Villager (Male) |
| 14:23 | Crear | Villager (Male) |
| 14:28 | Crear | Fishing Ship |
| 14:29 | Crear | Fishing Ship |
| 14:29 | Crear | Fishing Ship |
| 14:43 | Construir | Fish Trap |
| 14:48 | Construir | Fish Trap |
| 14:54 | Construir | Fish Trap |
| 14:58 | Construir | House |
| 14:59 | Construir | House |
| 15:12 | Construir | Mill |
| 15:25 | Construir | Fish Trap |
| 15:31 | Construir | Fish Trap |
| 15:38 | Crear | Villager (Male) |
| 15:38 | Crear | Villager (Male) |
| 15:45 | Construir | Fish Trap |
| 15:57 | Construir | Market |
| 16:00 | Crear | Villager (Male) |
| 16:11 | Construir | Fish Trap |
| 16:19 | Construir | Fish Trap |
| 16:33 | Construir | Blacksmith |
| 16:43 | Crear | Villager (Male) |
| 16:45 | Construir | Mining Camp |
| 16:52 | Crear | Fishing Ship |
| 16:52 | Crear | Fishing Ship |
| 16:52 | Crear | Fishing Ship |
| 17:12 | Construir | Dock |
| 17:23 | Investigar | Castle Age |
| 17:35 | Construir | Dock |
| 17:51 | Construir | Dock |
| 17:54 | Construir | Dock |
| 17:57 | Crear | Villager (Male) |
| 17:57 | Crear | Villager (Male) |
| 18:00 | Construir | Fish Trap |
| 18:03 | Construir | Fish Trap |
| 18:20 | Investigar | Stone Mining |
| 18:23 | Investigar | Horse Collar |
| 18:23 | Investigar | Horse Collar |
| 18:27 | Investigar | Gold Mining |
| 18:52 | Construir | Mining Camp |
| 18:57 | Investigar | Fletching |
| 18:57 | Investigar | Fletching |
| 18:58 | Investigar | Padded Archer Armor |
| 18:58 | Investigar | Padded Archer Armor |
| 19:05 | Crear | Fishing Ship |
| 19:05 | Crear | Fishing Ship |
| 19:06 | Crear | Fishing Ship |
| 19:06 | Crear | Fishing Ship |
| 19:15 | Construir | House |
| 19:16 | Construir | House |
| 19:17 | Construir | House |
| 19:17 | Construir | House |
| 19:23 | Crear | Fishing Ship |
| 19:23 | Crear | Fishing Ship |
| 19:25 | Crear | Fishing Ship |
| 19:25 | Crear | Fishing Ship |
| 19:33 | Investigar | Wheelbarrow |
| 19:43 | Crear | Fishing Ship |
| 19:50 | Construir | Fish Trap |
| 19:57 | Construir | Fish Trap |
| 20:03 | Edad | Edad de los Castillos |
| 20:03 | Crear | Fishing Ship |
| 20:04 | Crear | Fishing Ship |
| 20:08 | Crear | Villager (Male) |
| 20:18 | Crear | Fishing Ship |
| 20:19 | Crear | Fishing Ship |
| 20:21 | Construir | Fish Trap |
| 20:39 | Construir | Castle |
Build order — Sick My Duck
Primeras 150 de 355 acciones detectadas
| 0:02 | Crear | Villager (Male) |
| 0:02 | Crear | Villager (Male) |
| 0:03 | Construir | House |
| 0:05 | Construir | House |
| 0:15 | Investigar | Loom |
| 0:21 | Crear | Villager (Male) |
| 0:37 | Construir | Palisade Wall |
| 0:49 | Crear | Villager (Male) |
| 0:49 | Crear | Villager (Male) |
| 0:49 | Crear | Villager (Male) |
| 1:16 | Construir | Palisade Wall |
| 1:17 | Construir | Palisade Wall |
| 1:18 | Construir | Palisade Wall |
| 1:57 | Construir | Palisade Wall |
| 2:26 | Crear | Villager (Male) |
| 2:26 | Crear | Villager (Male) |
| 2:45 | Construir | Palisade Wall |
| 2:58 | Crear | Villager (Male) |
| 3:16 | Construir | Palisade Wall |
| 3:19 | Construir | Palisade Wall |
| 3:29 | Crear | Villager (Male) |
| 3:29 | Crear | Villager (Male) |
| 3:42 | Construir | Palisade Gate |
| 4:20 | Crear | Villager (Male) |
| 4:20 | Crear | Villager (Male) |
| 4:39 | Crear | Villager (Male) |
| 5:13 | Crear | Villager (Male) |
| 5:13 | Crear | Villager (Male) |
| 5:34 | Crear | Villager (Male) |
| 5:34 | Crear | Villager (Male) |
| 5:43 | Construir | Palisade Wall |
| 6:03 | Crear | Villager (Male) |
| 6:03 | Crear | Villager (Male) |
| 6:06 | Construir | House |
| 6:09 | Construir | House |
| 6:13 | Crear | Villager (Male) |
| 6:16 | Investigar | Loom |
| 6:16 | Investigar | Loom |
| 6:37 | Crear | Villager (Male) |
| 6:37 | Crear | Villager (Male) |
| 6:49 | Crear | Villager (Male) |
| 6:49 | Crear | Villager (Male) |
| 7:19 | Construir | Lumber Camp |
| 7:41 | Crear | Villager (Male) |
| 7:41 | Crear | Villager (Male) |
| 8:19 | Construir | Palisade Wall |
| 8:31 | Crear | Villager (Male) |
| 8:31 | Crear | Villager (Male) |
| 8:31 | Crear | Villager (Male) |
| 8:32 | Crear | Villager (Male) |
| 10:34 | Crear | Villager (Male) |
| 10:39 | Construir | Mill |
| 11:01 | Crear | Villager (Male) |
| 11:09 | Investigar | Feudal Age |
| 11:15 | Construir | Palisade Wall |
| 11:21 | Construir | Palisade Wall |
| 11:22 | Construir | Palisade Wall |
| 12:09 | Construir | Mining Camp |
| 12:25 | Construir | Palisade Wall |
| 12:45 | Crear | Villager (Male) |
| 12:54 | Construir | House |
| 13:19 | Edad | Edad Feudal |
| 13:23 | Crear | Villager (Male) |
| 13:30 | Construir | Market |
| 13:48 | Construir | Mill |
| 14:06 | Crear | Villager (Male) |
| 14:29 | Construir | Dock |
| 14:41 | Crear | Villager (Male) |
| 14:42 | Crear | Villager (Male) |
| 14:52 | Construir | House |
| 15:20 | Construir | Blacksmith |
| 15:34 | Crear | Villager (Male) |
| 16:09 | Investigar | Castle Age |
| 16:20 | Construir | Lumber Camp |
| 16:40 | Investigar | Double-Bit Axe |
| 16:59 | Crear | Villager (Male) |
| 17:20 | Investigar | Horse Collar |
| 17:25 | Crear | Fishing Ship |
| 18:07 | Crear | Fishing Ship |
| 18:26 | Crear | Villager (Male) |
| 18:30 | Construir | House |
| 18:31 | Construir | House |
| 18:33 | Construir | House |
| 18:49 | Edad | Edad de los Castillos |
| 18:59 | Construir | Town Center |
| 19:51 | Construir | Town Center |
| 20:00 | Crear | Villager (Male) ×5 |
| 20:07 | Investigar | Bow Saw |
| 20:28 | Crear | Villager (Male) |
| 20:28 | Crear | Villager (Male) |
| 20:28 | Crear | Villager (Male) |
| 20:28 | Crear | Villager (Male) |
| 20:29 | Crear | Villager (Male) |
| 20:29 | Crear | Villager (Male) |
| 20:29 | Crear | Villager (Male) |
| 20:43 | Construir | Town Center |
| 20:51 | Crear | Trade Cart |
| 21:23 | Construir | Outpost |
| 21:27 | Construir | Outpost |
| 21:29 | Construir | Outpost |
| 21:37 | Crear | Villager (Male) |
| 21:37 | Crear | Villager (Male) |
| 21:39 | Crear | Fishing Ship ×5 |
| 21:45 | Crear | Trade Cart |
| 22:17 | Construir | Farm |
| 22:18 | Construir | Farm |
| 22:19 | Construir | Farm |
| 22:21 | Construir | Farm |
| 22:26 | Construir | Farm |
| 22:27 | Construir | Farm |
| 22:33 | Construir | Farm |
| 22:42 | Construir | Farm |
| 22:51 | Construir | Farm |
| 22:52 | Construir | Farm |
| 22:54 | Construir | Farm |
| 23:05 | Crear | Trade Cart |
| 23:08 | Crear | Fishing Ship |
| 23:08 | Crear | Fishing Ship |
| 23:15 | Construir | Fish Trap |
| 23:25 | Construir | Fish Trap |
| 23:26 | Construir | Fish Trap |
| 23:38 | Construir | Dock |
| 23:47 | Investigar | Heavy Plow |
| 23:47 | Investigar | Heavy Plow |
| 24:11 | Construir | Market |
| 24:23 | Crear | Villager (Male) |
| 24:24 | Crear | Villager (Male) |
| 24:24 | Crear | Villager (Male) |
| 24:37 | Construir | Fish Trap |
| 24:41 | Construir | Fish Trap |
| 24:44 | Crear | Fishing Ship |
| 24:53 | Construir | Stone Wall |
| 24:57 | Construir | Gate |
| 25:03 | Crear | Villager (Male) |
| 25:03 | Crear | Villager (Male) |
| 25:03 | Crear | Villager (Male) |
| 25:09 | Construir | Palisade Wall |
| 25:18 | Construir | Gate |
| 25:39 | Construir | Stone Wall |
| 25:41 | Investigar | Wheelbarrow |
| 25:47 | Crear | Trade Cart |
| 25:50 | Construir | House |
| 25:51 | Construir | House |
| 25:52 | Construir | House |
| 25:53 | Construir | House |
| 25:54 | Construir | House |
| 25:54 | Construir | House |
| 25:56 | Construir | House |
| 26:10 | Construir | Farm |
| 26:11 | Construir | Farm |
Build order — reska
Primeras 150 de 427 acciones detectadas
| 0:01 | Crear | Villager (Male) ×5 |
| 0:03 | Construir | House |
| 0:05 | Construir | House |
| 1:27 | Construir | Palisade Wall |
| 1:32 | Construir | Palisade Gate |
| 1:49 | Crear | Villager (Male) |
| 2:11 | Crear | Villager (Male) |
| 2:30 | Construir | Lumber Camp |
| 2:36 | Construir | House |
| 2:41 | Crear | Villager (Male) |
| 3:05 | Crear | Villager (Male) |
| 3:28 | Crear | Villager (Male) |
| 4:07 | Crear | Villager (Male) |
| 4:09 | Crear | Villager (Male) |
| 4:45 | Construir | House |
| 4:52 | Crear | Villager (Male) |
| 5:11 | Construir | House |
| 5:17 | Crear | Villager (Male) |
| 5:36 | Crear | Villager (Male) |
| 5:36 | Crear | Villager (Male) |
| 6:26 | Crear | Villager (Male) |
| 6:39 | Construir | Mill |
| 6:51 | Crear | Villager (Male) |
| 7:01 | Construir | House |
| 7:22 | Investigar | Loom |
| 8:05 | Investigar | Feudal Age |
| 8:21 | Construir | Mill |
| 8:39 | Construir | House |
| 8:45 | Construir | House |
| 9:25 | Construir | Farm |
| 9:45 | Construir | Farm |
| 9:50 | Construir | Farm |
| 10:09 | Edad | Edad Feudal |
| 10:10 | Crear | Villager (Male) |
| 10:10 | Crear | Villager (Male) |
| 10:10 | Crear | Villager (Male) |
| 10:14 | Investigar | Double-Bit Axe |
| 10:16 | Investigar | Horse Collar |
| 11:03 | Construir | Mining Camp |
| 11:11 | Crear | Villager (Male) |
| 11:22 | Investigar | Wheelbarrow |
| 11:28 | Construir | Farm |
| 11:43 | Crear | Villager (Male) |
| 11:48 | Construir | Farm |
| 11:55 | Construir | Farm |
| 12:38 | Crear | Villager (Male) |
| 12:52 | Construir | Blacksmith |
| 13:19 | Construir | Market |
| 13:37 | Crear | Villager (Male) |
| 13:37 | Crear | Villager (Male) |
| 14:02 | Crear | Villager (Male) |
| 14:09 | Construir | Farm |
| 14:32 | Crear | Villager (Male) |
| 15:03 | Investigar | Castle Age |
| 15:47 | Construir | House |
| 15:48 | Construir | House |
| 15:49 | Construir | House |
| 15:50 | Construir | House |
| 16:36 | Crear | Villager (Male) |
| 16:37 | Crear | Villager (Male) |
| 17:03 | Crear | Villager (Male) |
| 17:03 | Crear | Villager (Male) |
| 17:03 | Crear | Villager (Male) |
| 17:33 | Edad | Edad de los Castillos |
| 17:38 | Construir | Town Center |
| 17:46 | Construir | Town Center |
| 17:51 | Investigar | Heavy Plow |
| 17:55 | Crear | Villager (Male) |
| 17:55 | Crear | Villager (Male) |
| 18:07 | Construir | Mining Camp |
| 18:20 | Investigar | Bow Saw |
| 18:45 | Crear | Villager (Male) |
| 18:46 | Crear | Villager (Male) |
| 18:46 | Crear | Villager (Male) |
| 18:46 | Crear | Villager (Male) |
| 18:55 | Crear | Villager (Male) |
| 18:56 | Crear | Villager (Male) |
| 18:56 | Crear | Villager (Male) |
| 19:31 | Crear | Villager (Male) |
| 19:35 | Crear | Villager (Male) |
| 19:43 | Construir | Farm |
| 19:44 | Construir | Farm |
| 19:47 | Construir | Farm |
| 19:48 | Construir | Farm |
| 19:54 | Construir | Farm |
| 19:55 | Construir | Farm |
| 20:02 | Crear | Villager (Male) |
| 20:16 | Crear | Villager (Male) |
| 20:16 | Crear | Villager (Male) |
| 20:19 | Crear | Villager (Male) |
| 20:20 | Crear | Villager (Male) |
| 20:23 | Crear | Villager (Male) |
| 20:23 | Crear | Villager (Male) |
| 20:32 | Construir | Farm |
| 20:33 | Construir | Farm |
| 20:44 | Construir | Farm |
| 20:45 | Construir | Farm |
| 20:50 | Crear | Villager (Male) |
| 20:52 | Crear | Villager (Male) |
| 20:59 | Construir | Farm |
| 21:00 | Construir | Farm |
| 21:01 | Construir | Farm |
| 21:05 | Crear | Villager (Male) |
| 21:15 | Crear | Villager (Male) |
| 21:28 | Construir | Farm |
| 21:29 | Construir | Farm |
| 21:30 | Construir | Farm |
| 21:32 | Construir | Farm |
| 21:32 | Construir | Farm |
| 21:43 | Crear | Villager (Male) |
| 21:47 | Crear | Villager (Male) |
| 21:47 | Crear | Villager (Male) |
| 21:50 | Crear | Villager (Male) |
| 21:58 | Crear | Villager (Male) |
| 21:58 | Crear | Villager (Male) |
| 22:03 | Construir | Farm |
| 22:11 | Construir | Farm |
| 22:16 | Crear | Villager (Male) |
| 22:18 | Crear | Villager (Male) |
| 22:19 | Crear | Villager (Male) |
| 22:22 | Crear | Villager (Male) |
| 22:26 | Crear | Villager (Male) |
| 22:42 | Crear | Villager (Male) |
| 22:45 | Crear | Villager (Male) |
| 22:55 | Construir | Farm |
| 22:57 | Construir | Farm |
| 22:58 | Construir | Farm |
| 22:59 | Construir | Farm |
| 23:00 | Construir | Farm |
| 23:04 | Crear | Villager (Male) |
| 23:05 | Crear | Villager (Male) |
| 23:08 | Crear | Villager (Male) |
| 23:08 | Crear | Villager (Male) |
| 23:11 | Crear | Villager (Male) |
| 23:32 | Construir | Farm |
| 23:33 | Construir | Farm |
| 23:40 | Construir | Farm |
| 23:43 | Construir | Farm |
| 23:44 | Construir | Farm |
| 23:53 | Construir | House |
| 23:54 | Construir | House |
| 23:54 | Construir | House |
| 23:54 | Construir | House |
| 23:55 | Construir | House |
| 23:55 | Construir | House |
| 23:55 | Construir | House |
| 23:56 | Construir | House |
| 23:56 | Construir | House |
| 23:57 | Construir | House |
| 23:58 | Construir | House |
Build order — andre300000000
Primeras 150 de 399 acciones detectadas
| 0:00 | Investigar | Loom |
| 0:01 | Crear | Villager (Male) |
| 0:01 | Crear | Villager (Male) |
| 0:01 | Crear | Villager (Male) |
| 0:01 | Crear | Villager (Male) |
| 0:03 | Construir | House |
| 0:04 | Construir | House |
| 0:07 | Construir | House |
| 0:36 | Construir | Palisade Wall |
| 1:50 | Crear | Villager (Male) |
| 2:19 | Crear | Villager (Male) |
| 2:35 | Construir | Palisade Wall |
| 3:26 | Construir | House |
| 3:31 | Crear | Villager (Male) |
| 3:31 | Crear | Villager (Male) |
| 3:31 | Crear | Villager (Male) |
| 4:03 | Construir | Lumber Camp |
| 4:10 | Crear | Villager (Male) |
| 4:49 | Crear | Villager (Male) |
| 5:23 | Crear | Villager (Male) |
| 5:32 | Crear | Villager (Male) |
| 5:56 | Crear | Villager (Male) |
| 6:51 | Crear | Villager (Male) |
| 7:02 | Construir | House |
| 7:35 | Construir | Mill |
| 8:00 | Crear | Villager (Male) |
| 8:46 | Crear | Villager (Male) |
| 8:46 | Crear | Villager (Male) |
| 8:47 | Crear | Villager (Male) |
| 8:48 | Crear | Villager (Male) |
| 9:17 | Construir | House |
| 10:15 | Crear | Villager (Male) |
| 10:21 | Investigar | Feudal Age |
| 10:33 | Crear | Villager (Male) |
| 10:38 | Investigar | Feudal Age |
| 11:02 | Construir | Mining Camp |
| 12:25 | Crear | Villager (Male) |
| 12:39 | Construir | Barracks |
| 12:50 | Construir | Barracks |
| 13:26 | Edad | Edad Feudal |
| 13:31 | Investigar | Horse Collar |
| 13:33 | Investigar | Double-Bit Axe |
| 14:03 | Crear | Villager (Male) |
| 14:03 | Crear | Villager (Male) |
| 14:04 | Crear | Villager (Male) |
| 14:04 | Crear | Villager (Male) |
| 14:51 | Construir | Lumber Camp |
| 15:09 | Crear | Villager (Male) |
| 15:13 | Construir | House |
| 15:29 | Construir | Farm |
| 15:36 | Construir | House |
| 15:40 | Construir | Farm |
| 15:45 | Construir | Farm |
| 15:48 | Construir | Farm |
| 15:50 | Construir | Farm |
| 15:54 | Construir | Farm |
| 15:57 | Construir | Farm |
| 16:01 | Construir | Farm |
| 16:04 | Crear | Villager (Male) |
| 16:26 | Construir | Farm |
| 16:27 | Crear | Villager (Male) |
| 16:40 | Construir | Farm |
| 16:57 | Crear | Villager (Male) |
| 17:02 | Construir | Farm |
| 17:17 | Crear | Villager (Male) |
| 17:34 | Construir | Market |
| 17:41 | Construir | Archery Range |
| 17:44 | Crear | Villager (Male) |
| 17:58 | Crear | Villager (Male) |
| 18:18 | Construir | Blacksmith |
| 18:29 | Construir | Farm |
| 18:39 | Investigar | Wheelbarrow |
| 18:47 | Investigar | Fletching |
| 18:51 | Investigar | Gold Mining |
| 19:04 | Construir | House |
| 19:09 | Construir | Farm |
| 19:15 | Investigar | Castle Age |
| 19:33 | Construir | Mining Camp |
| 19:37 | Investigar | Stone Mining |
| 19:59 | Crear | Villager (Male) |
| 21:13 | Construir | Stable |
| 21:52 | Investigar | Scale Barding Armor |
| 21:57 | Investigar | Bloodlines |
| 22:16 | Construir | Stable |
| 22:34 | Edad | Edad de los Castillos |
| 22:37 | Construir | Town Center |
| 22:46 | Investigar | Bow Saw |
| 22:47 | Crear | Villager (Male) |
| 22:47 | Crear | Villager (Male) |
| 22:48 | Crear | Villager (Male) |
| 23:08 | Investigar | Town Watch |
| 23:12 | Construir | Outpost |
| 23:19 | Construir | Monastery |
| 23:30 | Investigar | Husbandry |
| 23:34 | Crear | Villager (Male) |
| 23:34 | Crear | Villager (Male) |
| 23:34 | Crear | Villager (Male) |
| 23:35 | Crear | Villager (Male) |
| 23:56 | Crear | Monk |
| 24:09 | Crear | Villager (Male) |
| 24:20 | Crear | Villager (Male) |
| 24:21 | Crear | Villager (Male) |
| 24:22 | Construir | Mining Camp |
| 24:26 | Crear | Steppe Lancer |
| 24:26 | Crear | Steppe Lancer |
| 24:50 | Construir | House |
| 24:52 | Construir | House |
| 24:53 | Construir | House |
| 24:56 | Crear | Steppe Lancer |
| 24:56 | Crear | Steppe Lancer |
| 25:12 | Crear | Steppe Lancer |
| 25:13 | Crear | Steppe Lancer |
| 25:20 | Construir | House |
| 25:22 | Construir | House |
| 25:27 | Construir | House |
| 25:30 | Construir | House |
| 25:34 | Construir | House |
| 25:41 | Crear | Villager (Male) |
| 25:42 | Crear | Villager (Male) |
| 25:42 | Crear | Villager (Male) |
| 25:42 | Crear | Villager (Male) |
| 25:57 | Crear | Steppe Lancer |
| 25:57 | Crear | Steppe Lancer |
| 26:08 | Construir | Farm |
| 26:14 | Crear | Villager (Male) |
| 26:14 | Crear | Villager (Male) |
| 26:15 | Crear | Villager (Male) |
| 26:20 | Crear | Steppe Lancer |
| 26:30 | Crear | Steppe Lancer |
| 26:36 | Construir | Mining Camp |
| 26:41 | Construir | Farm |
| 26:59 | Crear | Steppe Lancer |
| 26:59 | Crear | Steppe Lancer |
| 27:04 | Construir | Farm |
| 27:07 | Construir | Farm |
| 27:24 | Crear | Steppe Lancer |
| 27:52 | Crear | Steppe Lancer |
| 27:52 | Crear | Steppe Lancer |
| 28:28 | Crear | Steppe Lancer |
| 28:28 | Crear | Steppe Lancer |
| 28:28 | Crear | Steppe Lancer |
| 28:40 | Construir | Stable |
| 28:41 | Construir | Farm |
| 28:51 | Crear | Steppe Lancer |
| 28:51 | Crear | Steppe Lancer |
| 28:51 | Crear | Steppe Lancer |
| 28:55 | Construir | Farm |
| 28:58 | Construir | Farm |
| 29:00 | Construir | Mill |
| 29:01 | Construir | Farm |
Build order — Jhos nomad
Primeras 150 de 534 acciones detectadas
| 0:01 | Crear | Villager (Male) |
| 0:01 | Crear | Villager (Male) |
| 0:02 | Construir | House |
| 0:04 | Construir | House |
| 0:32 | Crear | Villager (Male) |
| 0:33 | Crear | Villager (Male) |
| 0:33 | Crear | Villager (Male) |
| 0:33 | Crear | Villager (Male) |
| 1:35 | Crear | Villager (Male) |
| 1:42 | Construir | Lumber Camp |
| 2:03 | Crear | Villager (Male) |
| 2:17 | Crear | Villager (Male) |
| 2:17 | Crear | Villager (Male) |
| 2:59 | Crear | Villager (Male) |
| 2:59 | Crear | Villager (Male) |
| 3:15 | Crear | Villager (Male) |
| 3:35 | Crear | Villager (Male) |
| 3:35 | Crear | Villager (Male) |
| 3:44 | Construir | House |
| 3:47 | Crear | Villager (Male) |
| 3:47 | Crear | Villager (Male) |
| 4:22 | Crear | Villager (Male) |
| 4:22 | Crear | Villager (Male) |
| 4:47 | Crear | Villager (Male) |
| 4:59 | Construir | Mill |
| 5:11 | Crear | Villager (Male) |
| 6:13 | Crear | Villager (Male) |
| 6:13 | Crear | Villager (Male) |
| 6:13 | Crear | Villager (Male) |
| 6:30 | Construir | House |
| 6:33 | Crear | Villager (Male) |
| 6:34 | Crear | Villager (Male) |
| 6:34 | Crear | Villager (Male) |
| 6:34 | Crear | Villager (Male) |
| 6:41 | Construir | Mill |
| 6:49 | Crear | Villager (Male) |
| 6:49 | Crear | Villager (Male) |
| 7:32 | Construir | Lumber Camp |
| 8:34 | Investigar | Feudal Age |
| 8:34 | Investigar | Feudal Age |
| 8:40 | Construir | Mining Camp |
| 9:10 | Construir | Farm |
| 9:14 | Construir | Farm |
| 10:45 | Construir | House |
| 10:52 | Crear | Villager (Male) |
| 10:52 | Crear | Villager (Male) |
| 11:04 | Edad | Edad Feudal |
| 11:07 | Construir | Blacksmith |
| 11:11 | Construir | Market |
| 11:32 | Construir | Farm |
| 11:38 | Construir | Farm |
| 11:39 | Construir | Farm |
| 12:22 | Investigar | Castle Age |
| 12:22 | Investigar | Castle Age |
| 12:28 | Construir | Mining Camp |
| 12:34 | Construir | Farm |
| 12:41 | Construir | Farm |
| 12:53 | Investigar | Double-Bit Axe |
| 13:28 | Investigar | Loom |
| 13:33 | Investigar | Horse Collar |
| 13:34 | Investigar | Horse Collar |
| 14:47 | Edad | Edad de los Castillos |
| 14:49 | Construir | Town Center |
| 14:51 | Crear | Villager (Male) |
| 14:51 | Crear | Villager (Male) |
| 15:02 | Construir | Town Center |
| 15:20 | Crear | Villager (Male) |
| 15:39 | Construir | Farm |
| 15:48 | Crear | Villager (Male) |
| 15:49 | Crear | Villager (Male) |
| 16:00 | Crear | Villager (Male) |
| 16:00 | Crear | Villager (Male) |
| 16:00 | Crear | Villager (Male) |
| 16:01 | Crear | Villager (Male) |
| 16:01 | Crear | Villager (Male) |
| 16:01 | Crear | Villager (Male) |
| 16:01 | Crear | Villager (Male) |
| 16:01 | Crear | Villager (Male) |
| 16:10 | Investigar | Bow Saw |
| 16:16 | Crear | Villager (Male) |
| 16:17 | Crear | Villager (Male) |
| 16:17 | Crear | Villager (Male) |
| 16:23 | Construir | House |
| 16:24 | Construir | House |
| 16:28 | Crear | Villager (Male) |
| 16:28 | Crear | Villager (Male) |
| 16:32 | Crear | Villager (Male) |
| 16:33 | Crear | Villager (Male) |
| 16:33 | Crear | Villager (Male) |
| 16:50 | Crear | Villager (Male) |
| 16:59 | Construir | Farm |
| 17:03 | Construir | Farm |
| 17:07 | Construir | Farm |
| 17:10 | Crear | Villager (Male) |
| 17:10 | Crear | Villager (Male) |
| 17:14 | Construir | Farm |
| 17:20 | Construir | Farm |
| 17:26 | Construir | Farm |
| 17:32 | Construir | House |
| 17:34 | Crear | Villager (Male) |
| 17:34 | Crear | Villager (Male) |
| 17:38 | Crear | Villager (Male) |
| 17:59 | Crear | Villager (Male) |
| 17:59 | Crear | Villager (Male) |
| 18:07 | Crear | Villager (Male) |
| 18:07 | Crear | Villager (Male) |
| 18:11 | Crear | Villager (Male) |
| 18:11 | Crear | Villager (Male) |
| 18:14 | Construir | Market |
| 18:16 | Crear | Villager (Male) |
| 18:17 | Crear | Villager (Male) |
| 18:21 | Construir | Farm |
| 18:21 | Construir | Farm |
| 18:21 | Construir | Farm |
| 18:21 | Construir | Farm |
| 18:22 | Construir | Farm |
| 18:25 | Construir | Farm |
| 18:27 | Crear | Villager (Male) |
| 18:32 | Construir | Farm |
| 18:38 | Construir | Farm |
| 18:42 | Crear | Villager (Male) |
| 18:42 | Crear | Villager (Male) |
| 18:50 | Construir | Farm |
| 18:52 | Crear | Villager (Male) |
| 18:52 | Crear | Villager (Male) |
| 18:56 | Construir | House |
| 19:10 | Crear | Villager (Male) |
| 19:17 | Crear | Villager (Male) |
| 19:21 | Crear | Villager (Male) |
| 19:22 | Crear | Villager (Male) |
| 19:39 | Investigar | Wheelbarrow |
| 19:39 | Investigar | Wheelbarrow |
| 19:41 | Crear | Villager (Male) |
| 19:47 | Construir | House |
| 19:54 | Construir | Farm |
| 19:55 | Crear | Villager (Male) |
| 19:55 | Crear | Villager (Male) |
| 19:57 | Crear | Villager (Male) |
| 19:57 | Crear | Villager (Male) |
| 20:16 | Construir | Town Center |
| 20:17 | Crear | Villager (Male) |
| 20:17 | Crear | Villager (Male) |
| 20:18 | Crear | Villager (Male) |
| 20:21 | Crear | Villager (Male) |
| 20:21 | Crear | Villager (Male) |
| 20:28 | Construir | Farm |
| 20:33 | Construir | Barracks |
| 20:40 | Construir | House |
| 20:42 | Construir | House |
| 20:44 | Crear | Villager (Male) |
Build order — Icenain
Primeras 150 de 294 acciones detectadas
| 0:03 | Crear | Villager (Male) ×4 |
| 0:04 | Construir | House |
| 0:06 | Construir | House |
| 0:59 | Construir | Lumber Camp |
| 1:32 | Crear | Villager (Male) |
| 2:07 | Crear | Villager (Male) |
| 2:23 | Construir | House |
| 2:24 | Construir | House |
| 2:35 | Construir | Palisade Wall |
| 2:42 | Investigar | Loom |
| 2:43 | Crear | Villager (Male) |
| 3:07 | Crear | Villager (Male) |
| 3:32 | Crear | Villager (Male) |
| 3:58 | Crear | Villager (Male) |
| 4:19 | Crear | Villager (Male) |
| 4:47 | Crear | Villager (Male) |
| 5:19 | Crear | Villager (Male) |
| 5:39 | Crear | Villager (Male) |
| 5:40 | Crear | Villager (Male) |
| 6:08 | Construir | Dock |
| 6:11 | Crear | Villager (Male) |
| 6:26 | Construir | House |
| 6:30 | Construir | House |
| 7:17 | Crear | Fishing Ship |
| 7:22 | Crear | Villager (Male) ×5 |
| 7:52 | Crear | Fishing Ship |
| 9:01 | Construir | Mill |
| 9:10 | Crear | Villager (Male) |
| 9:10 | Crear | Villager (Male) |
| 9:11 | Crear | Villager (Male) |
| 9:19 | Crear | Fishing Ship |
| 10:09 | Crear | Fishing Ship |
| 10:18 | Construir | House |
| 10:25 | Investigar | Feudal Age |
| 10:48 | Crear | Fishing Ship |
| 10:59 | Construir | House |
| 11:27 | Construir | Mining Camp |
| 11:40 | Crear | Fishing Ship |
| 11:46 | Construir | House |
| 12:07 | Construir | Mining Camp |
| 12:35 | Construir | Barracks |
| 12:45 | Crear | Fishing Ship |
| 12:52 | Edad | Edad Feudal |
| 12:55 | Crear | Villager (Male) |
| 12:55 | Crear | Villager (Male) |
| 12:56 | Crear | Villager (Male) |
| 13:01 | Crear | Villager (Male) |
| 13:04 | Investigar | Double-Bit Axe |
| 13:17 | Investigar | Gold Mining |
| 13:42 | Investigar | Stone Mining |
| 13:49 | Investigar | Tech 906 |
| 13:57 | Crear | Villager (Male) |
| 13:59 | Crear | Villager (Male) |
| 14:12 | Construir | Fish Trap |
| 14:20 | Construir | Fish Trap |
| 14:41 | Construir | Fish Trap |
| 14:52 | Construir | Fish Trap |
| 15:09 | Construir | Lumber Camp |
| 15:21 | Crear | Villager (Male) |
| 15:21 | Crear | Villager (Male) |
| 15:33 | Construir | Blacksmith |
| 15:41 | Construir | Blacksmith |
| 15:50 | Construir | Fish Trap |
| 16:05 | Construir | Fish Trap |
| 16:09 | Construir | Fish Trap |
| 16:14 | Crear | Villager (Male) |
| 16:14 | Crear | Villager (Male) |
| 16:15 | Crear | Villager (Male) |
| 16:19 | Construir | Fish Trap |
| 16:25 | Investigar | Horse Collar |
| 16:28 | Crear | Villager (Male) |
| 16:29 | Crear | Villager (Male) |
| 16:51 | Crear | Villager (Male) |
| 17:00 | Construir | Market |
| 17:13 | Construir | Farm |
| 17:30 | Crear | Fishing Ship |
| 17:31 | Crear | Fishing Ship |
| 17:38 | Construir | Dock |
| 17:45 | Crear | Villager (Male) |
| 18:07 | Construir | Farm |
| 18:18 | Construir | Farm |
| 18:24 | Construir | Farm |
| 18:24 | Construir | Farm |
| 18:24 | Construir | Farm |
| 18:24 | Construir | Farm |
| 18:25 | Construir | Farm |
| 18:26 | Construir | Farm |
| 18:30 | Construir | Farm |
| 18:45 | Construir | House |
| 18:47 | Construir | House |
| 18:49 | Investigar | Castle Age |
| 19:02 | Construir | Fish Trap |
| 19:06 | Construir | Fish Trap |
| 19:08 | Crear | Fishing Ship |
| 19:11 | Crear | Fishing Ship |
| 19:19 | Construir | House |
| 19:20 | Construir | House |
| 19:38 | Crear | Fishing Ship |
| 19:54 | Construir | Fish Trap |
| 19:59 | Construir | Fish Trap |
| 20:08 | Crear | Fishing Ship |
| 20:33 | Construir | Lumber Camp |
| 20:46 | Construir | House |
| 20:47 | Construir | House |
| 20:54 | Construir | Fish Trap |
| 21:00 | Construir | Fish Trap |
| 21:03 | Crear | Fishing Ship |
| 21:07 | Crear | Fishing Ship |
| 21:29 | Edad | Edad de los Castillos |
| 21:39 | Construir | Castle |
| 21:52 | Construir | Siege Workshop |
| 22:03 | Construir | Siege Workshop |
| 22:10 | Crear | Villager (Male) ×5 |
| 22:17 | Construir | Fish Trap |
| 22:22 | Construir | Fish Trap |
| 22:47 | Crear | Battering Ram |
| 23:01 | Crear | Battering Ram |
| 23:11 | Investigar | Gillnets |
| 23:33 | Crear | Battering Ram |
| 23:45 | Crear | Woad Raider ×5 |
| 23:45 | Crear | Woad Raider ×5 |
| 23:45 | Crear | Woad Raider ×5 |
| 23:53 | Construir | House |
| 23:54 | Construir | House |
| 23:55 | Construir | House |
| 23:56 | Construir | House |
| 24:00 | Crear | Villager (Male) |
| 24:00 | Crear | Villager (Male) |
| 24:01 | Crear | Villager (Male) |
| 24:08 | Crear | Mangonel |
| 24:23 | Crear | Battering Ram |
| 24:41 | Investigar | Bow Saw |
| 25:03 | Crear | Battering Ram |
| 25:18 | Crear | Woad Raider ×5 |
| 25:26 | Investigar | Gold Shaft Mining |
| 25:37 | Construir | Mining Camp |
| 25:52 | Construir | House |
| 25:53 | Construir | House |
| 25:54 | Construir | House |
| 25:54 | Construir | House |
| 26:04 | Crear | Battering Ram |
| 26:15 | Investigar | Pikeman (upgrade) |
| 26:22 | Construir | Barracks |
| 26:24 | Investigar | Scale Mail Armor |
| 26:26 | Investigar | Forging |
| 26:35 | Crear | Battering Ram |
| 26:45 | Crear | Battering Ram |
| 26:56 | Crear | Villager (Male) ×5 |
| 27:13 | Investigar | Chain Mail Armor |
| 27:53 | Crear | Woad Raider ×5 |
Build order — WhY.So.SeRiOuS
Primeras 150 de 746 acciones detectadas
| 0:01 | Crear | Villager (Male) |
| 0:01 | Crear | Villager (Male) |
| 0:01 | Crear | Villager (Male) |
| 0:01 | Crear | Villager (Male) |
| 0:02 | Crear | Villager (Male) |
| 0:02 | Crear | Villager (Male) |
| 0:03 | Construir | House |
| 0:05 | Construir | House |
| 1:38 | Crear | Villager (Male) |
| 2:37 | Crear | Villager (Male) |
| 2:38 | Crear | Villager (Male) |
| 2:40 | Crear | Villager (Male) |
| 2:41 | Crear | Villager (Male) |
| 3:01 | Construir | Lumber Camp |
| 3:02 | Crear | Villager (Male) |
| 3:10 | Construir | House |
| 3:35 | Crear | Villager (Male) |
| 4:12 | Crear | Villager (Male) |
| 4:20 | Crear | Villager (Male) |
| 4:20 | Crear | Villager (Male) |
| 5:06 | Construir | Mill |
| 5:22 | Crear | Villager (Male) |
| 5:34 | Crear | Villager (Male) |
| 5:34 | Crear | Villager (Male) |
| 5:52 | Construir | House |
| 5:54 | Crear | Villager (Male) |
| 6:06 | Crear | Villager (Male) |
| 6:07 | Crear | Villager (Male) |
| 6:37 | Crear | Villager (Male) |
| 6:37 | Crear | Villager (Male) |
| 6:37 | Crear | Villager (Male) |
| 6:53 | Construir | Mill |
| 8:01 | Construir | House |
| 8:27 | Crear | Villager (Male) |
| 8:44 | Construir | Mining Camp |
| 8:49 | Investigar | Feudal Age |
| 9:18 | Construir | Farm |
| 9:41 | Construir | Farm |
| 10:31 | Crear | Villager (Male) |
| 10:31 | Crear | Villager (Male) |
| 10:38 | Construir | Farm |
| 11:21 | Edad | Edad Feudal |
| 11:25 | Construir | Market |
| 11:46 | Construir | Blacksmith |
| 11:49 | Crear | Villager (Male) |
| 11:54 | Construir | Farm |
| 11:59 | Construir | House |
| 12:07 | Crear | Villager (Male) |
| 12:19 | Investigar | Castle Age |
| 12:24 | Construir | House |
| 12:25 | Construir | House |
| 12:44 | Investigar | Double-Bit Axe |
| 12:49 | Construir | Farm |
| 14:30 | Crear | Villager (Male) |
| 14:30 | Crear | Villager (Male) |
| 15:16 | Edad | Edad de los Castillos |
| 15:19 | Construir | Town Center |
| 15:24 | Construir | Town Center |
| 15:33 | Investigar | Bow Saw |
| 15:37 | Construir | Monastery |
| 15:41 | Crear | Villager (Male) |
| 15:45 | Crear | Villager (Male) |
| 16:05 | Crear | Villager (Male) |
| 16:15 | Crear | Villager (Male) |
| 16:20 | Crear | Villager (Male) |
| 16:24 | Crear | Villager (Male) |
| 16:26 | Crear | Villager (Male) |
| 16:27 | Crear | Monk |
| 16:33 | Crear | Villager (Male) |
| 16:37 | Crear | Villager (Male) |
| 16:45 | Crear | Villager (Male) |
| 16:56 | Construir | Town Center |
| 16:57 | Crear | Villager (Male) |
| 17:07 | Crear | Villager (Male) |
| 17:14 | Crear | Villager (Male) |
| 17:35 | Crear | Villager (Male) |
| 17:48 | Crear | Villager (Male) |
| 17:54 | Construir | Farm |
| 17:54 | Construir | Farm |
| 17:55 | Construir | Farm |
| 17:55 | Construir | Farm |
| 17:55 | Construir | Farm |
| 17:57 | Construir | Farm |
| 17:57 | Construir | Farm |
| 17:57 | Construir | Farm |
| 17:58 | Construir | Farm |
| 17:58 | Construir | Farm |
| 17:58 | Construir | Farm |
| 17:59 | Construir | Farm |
| 17:59 | Construir | Farm |
| 18:11 | Investigar | Horse Collar |
| 18:13 | Crear | Villager (Male) |
| 18:13 | Crear | Villager (Male) |
| 18:18 | Construir | Farm |
| 18:20 | Crear | Villager (Male) |
| 18:20 | Crear | Villager (Male) |
| 18:27 | Investigar | Loom |
| 18:32 | Construir | Farm |
| 18:32 | Construir | Farm |
| 18:32 | Construir | Farm |
| 18:33 | Construir | Farm |
| 18:33 | Construir | Farm |
| 18:35 | Construir | Farm |
| 18:35 | Construir | Farm |
| 18:35 | Construir | Farm |
| 18:36 | Construir | Farm |
| 18:36 | Construir | Farm |
| 18:39 | Crear | Villager (Male) |
| 18:39 | Crear | Villager (Male) |
| 18:58 | Construir | Farm |
| 19:00 | Construir | Farm |
| 19:06 | Crear | Villager (Male) |
| 19:06 | Crear | Villager (Male) |
| 19:14 | Crear | Villager (Male) |
| 19:14 | Crear | Villager (Male) |
| 19:19 | Construir | Farm |
| 19:28 | Crear | Villager (Male) |
| 19:28 | Crear | Villager (Male) |
| 19:36 | Construir | Farm |
| 19:37 | Construir | Farm |
| 19:37 | Construir | Farm |
| 19:37 | Construir | Farm |
| 19:37 | Construir | Farm |
| 19:38 | Construir | Farm |
| 19:38 | Construir | Farm |
| 19:38 | Construir | Farm |
| 19:38 | Construir | Farm |
| 19:39 | Construir | Farm |
| 19:40 | Crear | Villager (Male) |
| 19:40 | Crear | Villager (Male) |
| 19:42 | Crear | Villager (Male) |
| 19:49 | Crear | Villager (Male) |
| 19:50 | Construir | Farm |
| 20:03 | Construir | Farm |
| 20:04 | Construir | Farm |
| 20:06 | Crear | Villager (Male) |
| 20:06 | Crear | Villager (Male) |
| 20:08 | Crear | Villager (Male) |
| 20:08 | Crear | Villager (Male) |
| 20:14 | Construir | Farm |
| 20:14 | Construir | Farm |
| 20:15 | Construir | Farm |
| 20:15 | Construir | Farm |
| 20:15 | Construir | Farm |
| 20:15 | Construir | Farm |
| 20:16 | Construir | Farm |
| 20:16 | Construir | Farm |
| 20:16 | Construir | Farm |
| 20:17 | Construir | Farm |
| 20:17 | Construir | Farm |
Build order — Tetsu0 L10n
Primeras 150 de 315 acciones detectadas
| 0:02 | Crear | Villager (Male) |
| 0:03 | Construir | House |
| 0:05 | Construir | House |
| 0:20 | Crear | Villager (Male) |
| 0:31 | Crear | Villager (Male) |
| 0:41 | Crear | Villager (Male) |
| 1:29 | Crear | Villager (Male) |
| 2:04 | Crear | Villager (Male) |
| 2:52 | Crear | Villager (Male) |
| 2:53 | Crear | Villager (Male) |
| 2:56 | Investigar | Loom |
| 3:21 | Construir | Palisade Wall |
| 3:31 | Construir | Palisade Wall |
| 3:46 | Construir | Palisade Wall |
| 4:21 | Crear | Villager (Male) |
| 4:28 | Construir | Palisade Wall |
| 4:59 | Crear | Villager (Male) |
| 4:59 | Crear | Villager (Male) |
| 5:41 | Crear | Villager (Male) |
| 6:28 | Crear | Villager (Male) |
| 6:33 | Construir | House |
| 6:48 | Crear | Villager (Male) |
| 7:23 | Crear | Villager (Male) |
| 7:39 | Construir | Mill |
| 7:52 | Crear | Villager (Male) |
| 8:45 | Construir | Lumber Camp |
| 9:16 | Construir | Mill |
| 9:25 | Crear | Villager (Male) |
| 9:55 | Crear | Villager (Male) |
| 9:58 | Construir | House |
| 10:56 | Crear | Villager (Male) |
| 11:25 | Crear | Villager (Male) |
| 11:32 | Investigar | Feudal Age |
| 11:50 | Construir | Mining Camp |
| 12:05 | Crear | Villager (Male) |
| 12:17 | Construir | Mill |
| 13:02 | Construir | House |
| 13:11 | Crear | Villager (Male) |
| 14:20 | Construir | Stone Wall |
| 14:35 | Construir | Stone Wall |
| 14:50 | Construir | Stone Wall |
| 14:55 | Crear | Villager (Male) |
| 14:55 | Crear | Villager (Male) |
| 15:12 | Investigar | Double-Bit Axe |
| 15:13 | Crear | Villager (Male) |
| 15:25 | Construir | Farm |
| 15:25 | Construir | Farm |
| 15:26 | Construir | Farm |
| 15:26 | Construir | Farm |
| 15:27 | Construir | Farm |
| 15:40 | Construir | Farm |
| 16:13 | Crear | Villager (Male) |
| 16:39 | Construir | Market |
| 16:48 | Crear | Villager (Male) |
| 17:00 | Construir | Farm |
| 17:01 | Crear | Villager (Male) |
| 17:40 | Crear | Villager (Male) |
| 17:46 | Construir | House |
| 18:09 | Crear | Villager (Male) |
| 18:27 | Investigar | Horse Collar |
| 18:39 | Construir | Farm |
| 18:40 | Crear | Villager (Male) |
| 19:09 | Construir | Farm |
| 19:10 | Construir | Farm |
| 19:10 | Construir | Farm |
| 19:11 | Construir | Farm |
| 19:13 | Crear | Villager (Male) |
| 19:36 | Construir | Mining Camp |
| 19:41 | Crear | Villager (Male) |
| 20:05 | Crear | Villager (Male) |
| 20:21 | Construir | Farm |
| 20:22 | Construir | Farm |
| 20:30 | Construir | Lumber Camp |
| 20:40 | Crear | Villager (Male) |
| 20:45 | Construir | House |
| 20:53 | Construir | Blacksmith |
| 21:34 | Investigar | Castle Age |
| 21:51 | Construir | Mining Camp |
| 22:21 | Construir | Barracks |
| 23:01 | Investigar | Gold Mining |
| 23:22 | Construir | House |
| 23:27 | Construir | House |
| 24:21 | Construir | Monastery |
| 24:29 | Construir | Siege Workshop |
| 24:45 | Crear | Villager (Male) |
| 24:50 | Investigar | Scale Mail Armor |
| 24:59 | Investigar | Padded Archer Armor |
| 25:18 | Investigar | Imperial Age |
| 25:25 | Construir | Castle |
| 25:55 | Construir | Archery Range |
| 25:57 | Construir | House |
| 26:26 | Investigar | Gold Shaft Mining |
| 26:29 | Investigar | Bow Saw |
| 26:37 | Crear | Villager (Male) |
| 26:38 | Crear | Villager (Male) |
| 27:06 | Crear | Villager (Male) |
| 27:28 | Construir | Archery Range |
| 27:38 | Crear | Villager (Male) |
| 27:52 | Investigar | Leather Archer Armor |
| 27:56 | Crear | Janissary |
| 28:22 | Crear | Villager (Male) |
| 28:38 | Crear | Hand Cannoneer |
| 28:38 | Crear | Hand Cannoneer |
| 28:43 | Crear | Bombard Cannon |
| 28:43 | Crear | Bombard Cannon |
| 28:51 | Crear | Janissary |
| 28:51 | Crear | Janissary |
| 28:58 | Crear | Hand Cannoneer |
| 28:58 | Crear | Hand Cannoneer |
| 29:06 | Crear | Villager (Male) |
| 29:21 | Construir | Gate |
| 29:35 | Crear | Villager (Male) |
| 29:44 | Construir | Lumber Camp |
| 29:50 | Construir | Farm |
| 29:54 | Crear | Janissary |
| 30:02 | Crear | Hand Cannoneer |
| 30:02 | Crear | Hand Cannoneer |
| 30:19 | Crear | Bombard Cannon |
| 30:19 | Crear | Bombard Cannon |
| 30:30 | Crear | Janissary |
| 30:36 | Crear | Hand Cannoneer |
| 30:36 | Crear | Hand Cannoneer |
| 31:56 | Crear | Villager (Male) |
| 31:56 | Crear | Villager (Male) |
| 32:16 | Construir | Town Center |
| 32:21 | Crear | Villager (Male) |
| 32:21 | Crear | Villager (Male) |
| 32:28 | Crear | Bombard Cannon |
| 32:36 | Crear | Hand Cannoneer |
| 32:36 | Crear | Hand Cannoneer |
| 32:37 | Crear | Janissary |
| 32:38 | Crear | Janissary |
| 33:39 | Crear | Janissary |
| 33:42 | Crear | Janissary |
| 33:43 | Investigar | Conscription |
| 33:48 | Crear | Hand Cannoneer |
| 33:48 | Crear | Hand Cannoneer |
| 33:49 | Crear | Hand Cannoneer |
| 33:56 | Crear | Bombard Cannon |
| 34:01 | Crear | Villager (Male) |
| 34:01 | Crear | Villager (Male) |
| 35:49 | Crear | Hand Cannoneer |
| 35:49 | Crear | Hand Cannoneer |
| 35:50 | Crear | Janissary |
| 35:50 | Crear | Janissary |
| 35:59 | Construir | Stable |
| 36:00 | Construir | Stable |
| 36:00 | Construir | Stable |
| 36:06 | Crear | Villager (Male) |
| 36:06 | Crear | Villager (Male) |
Cronología de la partida
| 0:36 | andre300000000 · wall_segment Palisade Wall x11 |
| 0:37 | Sick My Duck · wall_segment Palisade Wall x10 |
| 1:16 | Sick My Duck · wall_segment Palisade Wall x4 |
| 1:17 | Sick My Duck · wall_segment Palisade Wall x5 |
| 1:18 | Sick My Duck · wall_segment Palisade Wall x5 |
| 1:27 | reska · wall_segment Palisade Wall x13 |
| 1:57 | Sick My Duck · wall_segment Palisade Wall x7 |
| 2:35 | Icenain · wall_segment Palisade Wall x4 |
| 2:35 | andre300000000 · wall_segment Palisade Wall x9 |
| 2:45 | Sick My Duck · wall_segment Palisade Wall x1 |
| 3:16 | Sick My Duck · wall_segment Palisade Wall x2 |
| 3:19 | Sick My Duck · wall_segment Palisade Wall x8 |
| 3:21 | Tetsu0 L10n · wall_segment Palisade Wall x10 |
| 3:31 | Tetsu0 L10n · wall_segment Palisade Wall x11 |
| 3:46 | Tetsu0 L10n · wall_segment Palisade Wall x7 |
| 4:28 | Tetsu0 L10n · wall_segment Palisade Wall x4 |
| 5:16 | ulvn · first_building Dock |
| 5:43 | Sick My Duck · wall_segment Palisade Wall x10 |
| 6:08 | Icenain · first_building Dock |
| 8:19 | Sick My Duck · wall_segment Palisade Wall x13 |
| 10:09 | reska · age_up feudal |
| 10:56 | ulvn · age_up feudal |
| 11:04 | Jhos nomad · age_up feudal |
| 11:15 | Sick My Duck · wall_segment Palisade Wall x8 |
| 11:21 | WhY.So.SeRiOuS · age_up feudal |
| 11:21 | Sick My Duck · wall_segment Palisade Wall x4 |
| 11:22 | Sick My Duck · wall_segment Palisade Wall x6 |
| 12:25 | Sick My Duck · wall_segment Palisade Wall x10 |
| 12:35 | Icenain · first_building Barracks |
| 12:39 | andre300000000 · first_building Barracks |
| 12:52 | Icenain · age_up feudal |
| 13:19 | Sick My Duck · age_up feudal |
| 13:26 | andre300000000 · age_up feudal |
| 14:20 | Tetsu0 L10n · wall_segment Stone Wall x14 |
| 14:29 | Sick My Duck · first_building Dock |
| 14:35 | Tetsu0 L10n · wall_segment Stone Wall x11 |
| 14:47 | Jhos nomad · age_up castle |
| 14:50 | Tetsu0 L10n · wall_segment Stone Wall x8 |
| 15:01 | reska · first_market_sell 100 wood |
| 15:16 | WhY.So.SeRiOuS · age_up castle |
| 15:37 | WhY.So.SeRiOuS · first_building Monastery |
| 16:49 | WhY.So.SeRiOuS · first_market_buy 100 stone |
| 16:51 | ulvn · first_market_buy 100 wood |
| 17:33 | reska · age_up castle |
| 17:41 | andre300000000 · first_building Archery Range |
| 18:24 | Sick My Duck · first_market_buy 100 stone |
| 18:48 | WhY.So.SeRiOuS · first_market_sell 100 wood |
| 18:49 | Sick My Duck · age_up castle |
| 19:37 | Jhos nomad · first_market_buy 100 food |
| 20:03 | ulvn · age_up castle |
| 20:07 | ulvn · first_market_sell 100 food |
| 20:11 | reska · first_market_buy 100 food |
| 20:33 | Jhos nomad · first_building Barracks |
| 20:39 | ulvn · first_building Castle |
| 21:13 | andre300000000 · first_building Stable |
| 21:29 | Icenain · age_up castle |
| 21:30 | Tetsu0 L10n · first_market_sell 100 food |
| 21:39 | Icenain · first_building Castle |
| 21:52 | Icenain · first_building Siege Workshop |
| 22:01 | Jhos nomad · first_building Stable |
| 22:21 | Tetsu0 L10n · first_building Barracks |
| 22:34 | andre300000000 · age_up castle |
| 23:19 | andre300000000 · first_building Monastery |
| 24:13 | reska · first_building Castle |
| 24:21 | Tetsu0 L10n · first_building Monastery |
| 24:29 | Tetsu0 L10n · first_building Siege Workshop |
| 24:53 | Sick My Duck · wall_segment Stone Wall x4 |
| 25:09 | Sick My Duck · wall_segment Palisade Wall x5 |
| 25:20 | Jhos nomad · first_building Castle |
| 25:25 | Tetsu0 L10n · first_building Castle |
| 25:26 | WhY.So.SeRiOuS · first_building Barracks |
| 25:31 | reska · first_building Monastery |
| 25:39 | Sick My Duck · wall_segment Stone Wall x1 |
| 25:55 | Tetsu0 L10n · first_building Archery Range |
| 26:16 | reska · wall_segment Stone Wall x10 |
| 26:30 | reska · wall_segment Stone Wall x6 |
| 27:03 | WhY.So.SeRiOuS · first_building Archery Range |
| 27:31 | ulvn · wall_segment Stone Wall x12 |
| 27:40 | Sick My Duck · first_building Castle |
| 28:05 | WhY.So.SeRiOuS · first_building Castle |
| 28:13 | Tetsu0 L10n · first_market_buy 100 wood |
| 29:03 | Sick My Duck · first_building Barracks |
| 29:03 | ulvn · first_building Barracks |
| 29:39 | Sick My Duck · wall_segment Stone Wall x8 |
| 29:43 | andre300000000 · wall_segment Stone Wall x9 |
| 29:45 | ulvn · first_building Stable |
| 29:49 | Sick My Duck · wall_segment Stone Wall x1 |
| 29:53 | andre300000000 · wall_segment Stone Wall x5 |
| 29:53 | reska · first_building Barracks |
| 29:55 | Sick My Duck · wall_segment Stone Wall x5 |
| 29:55 | Sick My Duck · wall_segment Stone Wall x6 |
| 29:56 | Sick My Duck · wall_segment Stone Wall x1 |
| 30:15 | WhY.So.SeRiOuS · age_up imperial |
| 30:42 | Sick My Duck · wall_segment Stone Wall x8 |
| 30:48 | ulvn · first_building Archery Range |
| 30:49 | reska · first_building Stable |
| 31:02 | Sick My Duck · wall_segment Stone Wall x7 |
| 31:23 | Sick My Duck · wall_segment Stone Wall x7 |
| 31:37 | Sick My Duck · wall_segment Stone Wall x8 |
| 31:43 | Sick My Duck · wall_segment Stone Wall x4 |
| 31:43 | Sick My Duck · wall_segment Stone Wall x6 |
| 31:44 | Jhos nomad · first_building Archery Range |
| 31:47 | ulvn · age_up imperial |
| 32:01 | Sick My Duck · first_market_sell 100 wood |
| 32:11 | WhY.So.SeRiOuS · first_building Stable |
| 32:36 | ulvn · first_building Siege Workshop |
| 32:46 | WhY.So.SeRiOuS · first_building Siege Workshop |
| 32:49 | Sick My Duck · first_building Stable |
| 32:58 | andre300000000 · first_building Castle |
| 33:14 | Jhos nomad · age_up imperial |
| 33:37 | Sick My Duck · wall_segment Stone Wall x7 |
| 34:38 | reska · age_up imperial |
| 35:15 | Sick My Duck · age_up imperial |
| 35:59 | Tetsu0 L10n · first_building Stable |
| 36:09 | andre300000000 · first_market_sell 100 wood |
| 36:11 | andre300000000 · first_market_buy 100 food |
| 37:50 | Icenain · age_up imperial |
| 39:30 | andre300000000 · age_up imperial |
| 41:59 | Icenain · first_building Archery Range |
| 41:59 | ulvn · wall_segment Stone Wall x6 |
| 42:23 | ulvn · wall_segment Stone Wall x3 |
| 43:06 | Tetsu0 L10n · wall_segment Palisade Wall x1 |
| 43:09 | Tetsu0 L10n · wall_segment Palisade Wall x1 |
| 43:50 | Tetsu0 L10n · wall_segment Stone Wall x1 |
| 47:08 | reska · first_building Siege Workshop |
| 50:11 | ulvn · resign |
[ ANÁLISIS IA · 1 CRÉDITO ]
¿Qué pasó realmente en esta partida?
Wolo.gg analiza cada decisión: build order, eco, micro, errores típicos por bracket. Análisis personalizado por WhatsApp o Discord en 30 segundos.
Guía civ
Mongoles
Perfil
ulvn